 Dungeon Crawl Stone Soup version 0.23-a0-358-g98c7a59ffc (webtiles) character file.

9273 Napalmbreeze the Martial Artist (level 11, -1/99 HPs)
             Began as a Gnoll Transmuter on Oct 23, 2018.
             Was a Priest of Nemelex Xobeh.
             Slain by an eight-headed hydra (10 damage)
             ... on level 2 of the Lair of Beasts.
             The game lasted 00:32:05 (11455 turns).

Napalmbreeze the Martial Artist (Gnoll Transmuter) Turns: 11455, Time: 00:32:10

Health: -1/99      AC:  6    Str: 13    XL:     11   Next: 43%
Magic:  19/23      EV: 14    Int: 16    God:    Nemelex Xobeh [***...]
Gold:   568        SH:  0    Dex: 18    Spells: 13/26 levels left

rFire    x . .     SeeInvis .     - Unarmed
rCold    + + +     Gourm    .   (shield currently unavailable)
rNeg     . . .     Faith    +   (armour currently unavailable)
rPois    +         Spirit   .   (helmet currently unavailable)
rElec    .         Reflect  .   (cloak currently unavailable)
rCorr    .         Harm     .   (gloves currently unavailable)
MR       .....                  (boots currently unavailable)
Stlth    +++.......             f - amulet of faith
HPRegen  0.26/turn              (no ring)
MPRegen  0.18/turn              (no ring)

@: lethally poisoned (-1 -> -2), ice-form, slowed, heavily drained, very slow
A: large, distributed training, strong nose
a: End Transformation, Triple Draw, Renounce Religion


You were on level 2 of the Lair of Beasts.
You worshipped Nemelex Xobeh.
Nemelex Xobeh was most pleased with you.
You were not hungry.
You were a creature of crystalline ice.
You visited 3 branches of the dungeon, and saw 13 of its levels.

You collected 568 gold pieces.

Inventory:

Hand Weapons
 o - the +6 dagger "Jellyslayer" {holy, rF+ MR++}
   (You found it on level 10 of the Dungeon)

   It has been blessed by the Shining One to cause great damage to the undead
   and demons.
   It protects you from fire.
   It affects your resistance to hostile enchantments.
 G - the +7 hand axe of Doucoes (melded) {holy, *Contam Str+3 Int+4 Dex+3}
   (You found it on level 7 of the Dungeon)

   It has been blessed by the Shining One to cause great damage to the undead
   and demons.
   It affects your strength (+3).
   It affects your intelligence (+4).
   It affects your dexterity (+3).
   It causes magical contamination when unequipped.
Missiles
 a - 62 arrows
Armour
 e - a +0 pair of gloves (melded)
 g - a +0 troll leather armour (melded)
 l - a +0 buckler (melded)
 v - a +0 pair of boots (melded)
 C - a +1 robe of positive energy
Jewellery
 f - an amulet of faith (around neck)
Wands
 r - a wand of random effects (12)
 y - a wand of acid (5)
 H - a wand of enslavement (7)
Scrolls
 i - a scroll of identify
 j - 4 scrolls of teleportation
 k - 3 scrolls of remove curse
 n - 2 scrolls of amnesia
 p - 2 scrolls of magic mapping
 q - 2 scrolls of enchant armour
 s - 3 scrolls of immolation
 x - 2 scrolls of fear
 I - 2 scrolls of blinking
Potions
 b - 2 potions of degeneration {unknown}
 h - 2 potions of might
 m - a potion of invisibility
 t - a potion of curing
 u - a potion of brilliance {unknown}
 w - 2 potions of ambrosia {unknown}
 z - 2 potions of mutation {unknown}
 A - 2 potions of magic {unknown}
 D - 2 potions of heal wounds
 F - a potion of flight {unknown}
Miscellaneous
 c - a plain deck of destruction {drawn: 2}
 B - a plain deck of destruction {drawn: 2}
 J - a plain deck of summoning {drawn: 4}
 K - a plain deck of summoning
Comestibles
 d - 20 rations


   Skills:
 + Level 6.7(5.2) Fighting
 + Level 6.2(4.7) Short Blades
 + Level 6.2(4.7) Long Blades
 + Level 6.2(4.7) Axes
 + Level 6.2(4.7) Maces & Flails
 + Level 6.2(4.7) Polearms
 + Level 6.2(4.7) Staves
 + Level 6.2(4.7) Slings
 + Level 6.2(4.7) Bows
 + Level 6.2(4.7) Crossbows
 + Level 6.2(4.7) Throwing
 + Level 6.2(4.7) Armour
 + Level 7.8(6.2) Dodging
 + Level 6.2(4.7) Stealth
 + Level 6.2(4.7) Shields
 + Level 9.1(7.5) Unarmed Combat
 + Level 8.0(6.5) Spellcasting
 + Level 5.1(3.6) Conjurations
 + Level 5.1(3.6) Hexes
 + Level 5.1(3.6) Charms
 + Level 5.1(3.6) Summonings
 + Level 5.1(3.6) Necromancy
 + Level 5.1(3.6) Translocations
 + Level 6.4(4.9) Transmutations
 + Level 5.1(3.6) Fire Magic
 + Level 5.1(3.6) Ice Magic
 + Level 5.1(3.6) Air Magic
 + Level 5.1(3.6) Earth Magic
 + Level 5.1(3.6) Poison Magic
 + Level 6.8(5.2) Invocations
 + Level 6.2(4.7) Evocations


You had 13 spell levels left.
You knew the following spells:

 Your Spells              Type           Power        Failure   Level  Hunger
a - Beastly Appendage     Tmut           ###...       1%          1    None
i - Ice Form              Ice/Tmut       ###.....     22%         4    ####...
q - Spider Form           Tmut/Pois      ###.......   7%          3    ##.....
s - Sticks to Snakes      Tmut           ###.....     2%          2    None
w - Mephitic Cloud        Conj/Pois/Air  ###.....     9%          3    ##.....

Your spell library contained the following spells:

 Spells                   Type           Power        Failure   Level  Hunger
 Magic Dart               Conj           ###.         3%          1    None
 Blink                    Tloc           N/A          4%          2    None
 Call Imp                 Summ           ###.....     4%          2    None
 Slow                     Hex            ###.....     4%          2    None
 Conjure Flame            Conj/Fire      ###.....     9%          3    ##.....
 Cause Fear               Hex            ###.......   28%         4    ####...
 Blade Hands              Tmut           ###.......   43%         5    #####..
 Yara's Violent Unravell  Hex/Tmut       ###.......   52%         5    #####..
 Silence                  Hex/Air        ###.......   63%         5    #####..
 Deflect Missiles         Chrm/Air       ###.......   99%         6    #######
 Malign Gateway           Summ/Tloc      ###.......   100%        7    #######
 Monstrous Menagerie      Summ           ###.......   100%        7    #######
 Summon Greater Demon     Summ           ###.......   100%        7    #######
 Discord                  Hex            ###.......   100%        8    #######
 Summon Horrible Things   Summ           ###.......   100%        8    #######


Dungeon Overview and Level Annotations

Branches:
Dungeon (10/15)            Temple (1/1) D:6            Lair (2/6) D:8
    Orc (0/2) D:9
  Swamp: Lair:2-4    Shoals: Lair:2-4     Snake: Lair:2-4    Spider: Lair:2-4

Altars:
Ashenzari
Cheibriados
Dithmenos
Fedhas
Gozag
Hepliaklqana
Kikubaaqudgha
Makhleb
Nemelex Xobeh
Okawaru
Qazlal
Ru
Sif Muna
Trog
Uskayaw
Wu Jian
Xom
Yredelemnul
Zin
The Shining One

Annotations:
D:4 3 runed doors, YoungGLord's ghost, novice HOFi
Lair:2 Sonja


Innate Abilities, Weirdness & Mutations

Your experience applies equally to all skills.
((You have very sharp teeth.))
Your uncanny sense of smell can sniff out nearby items.


Message History

Your +0 pair of boots melds into your body.
Your +0 buckler melds into your body.
Your +0 troll leather armour melds into your body.
The +7 hand axe of Doucoes {holy, *Contam Str+3 Int+4 Dex+3} stops glowing.
You feel sick.
Your air elemental completely misses Sonja.
Your air elemental hits Sonja!
Sonja hits you with a +0 dagger of draining.
You feel drained. Sonja hits you but does no damage.
You feel drained. Sonja hits you but does no damage.
You feel drained.
A porcupine comes into view.
The eight-headed hydra bites you! x2
The eight-headed hydra closely misses you.
The eight-headed hydra bites you. The eight-headed hydra bites you! x2
* * * LOW HITPOINT WARNING * * *
The eight-headed hydra bites you!
* * * LOW HITPOINT WARNING * * *
The eight-headed hydra bites you!
You die...
Your body disappears without a glow.

∆ # P# r# #
.# ...#
##...#
...§.##(#.§
......Klh#
#(FEDY.#
...###(Y.#
##### ∆


You could see an eight-headed hydra, a spiny frog, Sonja, a porcupine, a
friendly raiju, a friendly basilisk, a friendly air elemental, a friendly ice
beast and 2 friendly dancing weapons.

Vanquished Creatures
  A two-headed ogre (D:5)
  Pikel (D:7)
  An elephant (D:8)
  A black mamba (Lair:1)
  A gargoyle (D:10)
  A spiny frog (Lair:1)
  2 komodo dragons (Lair:1)
  2 hippogriffs
  A spriggan (D:7)
  9 yaks
  Eustachio (D:5)
  2 wyverns
  A hungry ghost (D:9)
  A basilisk (Lair:1)
  A water moccasin (D:8)
  A porcupine (Lair:1)
  An ice beast (D:5)
  A slave (D:7)
  An orc warrior (D:10)
  A phantom (D:4)
  4 ogres
  A centaur (D:6)
  A big kobold (D:8)
  3 bullfrogs
  A water moccasin zombie (D:8)
  2 scorpions
  14 killer bees
  A wight (D:10)
  4 howler monkeys
  4 crimson imps
  3 hounds
  A jelly (D:5)
  An orc priest (D:10)
  6 orc wizards
  A bullfrog skeleton (D:4)
  Jessica (D:3)
  3 worker ants
  A hound skeleton (D:9)
  A worker ant zombie (D:10)
  2 gnolls (D:8)
  9 adders
  A shadow imp (D:10)
  2 oozes
  An adder zombie (D:7)
  An adder skeleton (D:7)
  A worm (D:2)
  3 dart slugs (D:2)
  5 leopard geckos
  16 orcs
  3 bats
  A giant cockroach (D:4)
  5 goblins
  7 hobgoblins
  16 jackals
  10 kobolds
  2 quokkas
  7 frilled lizards
  A leopard gecko skeleton (D:4)
  2 quokka skeletons
  6 rats
185 creatures vanquished.

Vanquished Creatures (collateral kills)
  Harold (D:10)
  A two-headed ogre (D:7)
  A dream sheep (D:9)
  Sigmund (D:3)
  A yak (D:8)
  A basilisk (D:8)
  A slave (D:7)
  A gnoll sergeant (D:8)
  A bullfrog (D:10)
  4 killer bees
  3 wights (D:10)
  A jelly (D:10)
  2 gnolls (D:8)
  An adder (D:8)
  A river rat (D:9)
  3 orcs (D:10)
24 creatures vanquished.

Vanquished Creatures (others)
  A slave (D:7)
  5 toadstools (D:3)
6 creatures vanquished.

Grand Total: 215 creatures vanquished

Notes
Turn   | Place    | Note
-------+----------+-------------------------------------------
     0 | D:1      | Napalmbreeze the Gnoll Transmuter began the quest for the
                  | Orb.
     0 | D:1      | Reached XP level 1. HP: 17/17 MP: 6/6
   269 | D:1      | Reached XP level 2. HP: 16/23 MP: 5/7
   740 | D:1      | Reached XP level 3. HP: 22/28 MP: 9/9
   988 | D:1      | Reached skill level 5 in Spellcasting
  1005 | D:1      | Learned a level 3 spell: Spider Form
  1455 | D:2      | Reached skill level 1 in Invocations
  1519 | D:2      | Reached skill level 1 in Short Blades
  1519 | D:2      | Reached skill level 1 in Long Blades
  1519 | D:2      | Reached skill level 1 in Axes
  1519 | D:2      | Reached skill level 1 in Maces & Flails
  1519 | D:2      | Reached skill level 1 in Polearms
  1519 | D:2      | Reached skill level 1 in Staves
  1519 | D:2      | Reached skill level 1 in Slings
  1519 | D:2      | Reached skill level 1 in Bows
  1519 | D:2      | Reached skill level 1 in Crossbows
  1519 | D:2      | Reached skill level 1 in Throwing
  1519 | D:2      | Reached skill level 1 in Armour
  1519 | D:2      | Reached skill level 1 in Stealth
  1519 | D:2      | Reached skill level 1 in Shields
  1519 | D:2      | Reached skill level 1 in Evocations
  1656 | D:2      | Reached XP level 4. HP: 34/34 MP: 11/11
  2188 | D:2      | Learned a level 2 spell: Sticks to Snakes
  2430 | D:3      | Noticed Sigmund
  2445 | D:3      | Killed Sigmund
  2445 | D:3      | Reached skill level 1 in Conjurations
  2445 | D:3      | Reached skill level 1 in Hexes
  2445 | D:3      | Reached skill level 1 in Charms
  2445 | D:3      | Reached skill level 1 in Summonings
  2445 | D:3      | Reached skill level 1 in Necromancy
  2445 | D:3      | Reached skill level 1 in Translocations
  2445 | D:3      | Reached skill level 1 in Fire Magic
  2445 | D:3      | Reached skill level 1 in Ice Magic
  2445 | D:3      | Reached skill level 1 in Air Magic
  2445 | D:3      | Reached skill level 1 in Earth Magic
  2445 | D:3      | Reached skill level 1 in Poison Magic
  2445 | D:3      | Reached XP level 5. HP: 39/41 MP: 1/12
  2597 | D:3      | Noticed Jessica
  2604 | D:3      | Killed Jessica
  3005 | D:4      | Reached XP level 6. HP: 42/47 MP: 9/13
  3011 | D:4      | Noticed a phantom
  3052 | D:4      | Killed a phantom
  3052 | D:4      | Reached skill level 5 in Dodging
  3395 | D:4      | Reached XP level 7. HP: 39/52 MP: 13/15
  3439 | D:4      | Found a runed gate.
  3439 | D:4      | Found a runed gate.
  3440 | D:4      | Found a runed gate.
  3442 | D:4      | Noticed YoungGLord's ghost (novice HOFi)
  3592 | D:5      | Entered Level 5 of the Dungeon
  3609 | D:5      | Reached skill level 7 in Unarmed Combat
  3650 | D:5      | Noticed a two-headed ogre
  3674 | D:5      | Killed a two-headed ogre
  3674 | D:5      | Reached XP level 8. HP: 36/60 MP: 7/17
  4334 | D:5      | Noticed Eustachio
  4385 | D:5      | Killed Eustachio
  5097 | D:6      | Found a staircase to the Ecumenical Temple.
  5109 | Temple   | Entered the Ecumenical Temple
  5144 | Temple   | Became a worshipper of Nemelex Xobeh the Trickster
  5182 | D:6      | Reached XP level 9. HP: 34/66 MP: 15/18
  5422 | D:6      | Reached skill level 5 in Transmutations
  5838 | D:7      | Received a gift from Nemelex Xobeh
  5993 | D:7      | Got a scorched hand axe
  5994 | D:7      | Identified the +7 hand axe of Doucoes {holy, *Contam Str+3
                  | Int+4 Dex+3} (You found it on level 7 of the Dungeon)
  6044 | D:7      | Reached * piety under Nemelex Xobeh
  6044 | D:7      | Received a gift from Nemelex Xobeh
  6083 | D:7      | Noticed a two-headed ogre
  6100 | D:7      | Killed a two-headed ogre
  6100 | D:7      | Reached skill level 5 in Fighting
  6532 | D:7      | Noticed Pikel
  6562 | D:7      | Killed Pikel
  6562 | D:7      | Reached skill level 8 in Unarmed Combat
  6562 | D:7      | Reached skill level 5 in Invocations
  6997 | D:8      | Reached XP level 10. HP: 74/74 MP: 16/20
  7092 | D:8      | Noticed an angel
  7093 | D:8      | Found a shimmering altar of Xom.
  7095 | D:8      | Found a glowing silver altar of Zin.
  7142 | D:8      | Noticed an elephant
  7206 | D:8      | Killed an elephant
  7206 | D:8      | Reached skill level 5 in Short Blades
  7206 | D:8      | Reached skill level 5 in Long Blades
  7206 | D:8      | Reached skill level 5 in Axes
  7206 | D:8      | Reached skill level 5 in Maces & Flails
  7206 | D:8      | Reached skill level 5 in Polearms
  7206 | D:8      | Reached skill level 5 in Staves
  7206 | D:8      | Reached skill level 5 in Slings
  7206 | D:8      | Reached skill level 5 in Bows
  7206 | D:8      | Reached skill level 5 in Crossbows
  7206 | D:8      | Reached skill level 5 in Throwing
  7206 | D:8      | Reached skill level 5 in Armour
  7206 | D:8      | Reached skill level 5 in Stealth
  7206 | D:8      | Reached skill level 5 in Shields
  7206 | D:8      | Reached skill level 5 in Evocations
  7697 | D:8      | Found a staircase to the Lair.
  7716 | D:8      | Received a gift from Nemelex Xobeh
  7747 | D:8      | Found a bloodstained altar of Trog.
  7754 | D:8      | Found a burning altar of Makhleb.
  7759 | D:8      | Found a stormy altar of Qazlal.
  7773 | D:8      | Found a deep blue altar of Sif Muna.
  7780 | D:8      | Found a blossoming altar of Fedhas.
  7785 | D:8      | Found a sacrificial altar of Ru.
  7792 | D:8      | Found a basalt altar of Yredelemnul.
  7866 | D:8      | Learned a level 3 spell: Mephitic Cloud
  7936 | D:8      | Reached ** piety under Nemelex Xobeh
  8251 | D:9      | Found a staircase to the Orcish Mines.
  8570 | D:10     | Entered Level 10 of the Dungeon
  9247 | D:10     | Got a slimy dagger
  9367 | D:10     | Received a gift from Nemelex Xobeh
  9587 | D:10     | Reached XP level 11. HP: 24/81 MP: 22/22
  9933 | D:10     | Noticed Harold
  9960 | D:10     | Killed Harold
 10238 | D:10     | Identified the +6 dagger "Jellyslayer" {holy, rF+ MR++}
                  | (You found it on level 10 of the Dungeon)
 10384 | Lair:1   | Entered Level 1 of the Lair of Beasts
 10516 | Lair:1   | Learned a level 4 spell: Ice Form
 10684 | Lair:1   | Reached skill level 9 in Unarmed Combat
 10692 | Lair:1   | Reached *** piety under Nemelex Xobeh
 10718 | Lair:1   | Reached skill level 5 in Conjurations
 10718 | Lair:1   | Reached skill level 5 in Hexes
 10718 | Lair:1   | Reached skill level 5 in Charms
 10718 | Lair:1   | Reached skill level 5 in Summonings
 10718 | Lair:1   | Reached skill level 5 in Necromancy
 10718 | Lair:1   | Reached skill level 5 in Translocations
 10718 | Lair:1   | Reached skill level 5 in Fire Magic
 10718 | Lair:1   | Reached skill level 5 in Ice Magic
 10718 | Lair:1   | Reached skill level 5 in Air Magic
 10718 | Lair:1   | Reached skill level 5 in Earth Magic
 10718 | Lair:1   | Reached skill level 5 in Poison Magic
 11023 | Lair:1   | Received a gift from Nemelex Xobeh
 11442 | Lair:2   | Noticed Sonja
 11447 | Lair:2   | Noticed an eight-headed hydra
 11455 | Lair:2   | Slain by an eight-headed hydra

Vault maps used:
D:1:      dpeg_arrival_court
D:3:      first_ration, minmay_gold_behind_fungi, uniq_jessica, uniq_sigmund
D:4:      gammafunk_ghost_necromancy
D:5:      uniq_eustachio
D:6:      minmay_temple_entry_hall
D:7:      the_bakery, uniq_pikel
D:8:      grunt_temple_overflow_order_and_chaos_1,
          grunt_temple_overflow_octagram, david_lair_generic,
          grunt_ministairs_15, grunt_decor_one_mirror
D:9:      vehumet_statue, orc_0_dummy, uniq_maurice
D:10:     uniq_harold
Temple:   minmay_temple_bridge_abc
Lair:1:   infiniplex_staircase_pool
Lair:2:   gammafunk_ghost_hive, grunt_megastairs_4, lemuel_fruit_tree,
          serial_bayou_shore_b, uniq_urug, uniq_sonja

Skill      XL: |  1  2  3  4  5  6  7  8  9 10 11 |
---------------+----------------------------------+-----
Spellcasting   | 5 6 7 8 |  8.0
Invocations    | 1 2 3 4 5 6 |  6.8
Short Blades   | 1 2 3 4 5 6 |  6.2
Long Blades    | 1 2 3 4 5 6 |  6.2
Axes           | 1 2 3 4 5 6 |  6.2
Maces & Flails | 1 2 3 4 5 6 |  6.2
Polearms       | 1 2 3 4 5 6 |  6.2
Staves         | 1 2 3 4 5 6 |  6.2
Slings         | 1 2 3 4 5 6 |  6.2
Bows           | 1 2 3 4 5 6 |  6.2
Crossbows      | 1 2 3 4 5 6 |  6.2
Throwing       | 1 2 3 4 5 6 |  6.2
Armour         | 1 2 3 4 5 6 |  6.2
Stealth        | 1 2 3 4 5 6 |  6.2
Shields        | 1 2 3 4 5 6 |  6.2
Evocations     | 1 2 3 4 5 6 |  6.2
Fighting       | 3 4 5 6 |  6.7
Conjurations   | 1 2 3 4 5 |  5.1
Hexes          | 1 2 3 4 5 |  5.1
Charms         | 1 2 3 4 5 |  5.1
Summonings     | 1 2 3 4 5 |  5.1
Necromancy     | 1 2 3 4 5 |  5.1
Translocations | 1 2 3 4 5 |  5.1
Fire Magic     | 1 2 3 4 5 |  5.1
Ice Magic      | 1 2 3 4 5 |  5.1
Air Magic      | 1 2 3 4 5 |  5.1
Earth Magic    | 1 2 3 4 5 |  5.1
Poison Magic   | 1 2 3 4 5 |  5.1
Transmutations | 4 5 6 |  6.4
Dodging        | 5 6 7 |  7.8
Unarmed Combat | 7 8 9 |  9.1

Action                   |  1- 3 |  4- 6 |  7- 9 | 10-12 || total
-------------------------+-------+-------+-------+-------++-------
Melee: Unarmed           |    44 |    46 |   101 |   117 ||   308
       Bite              |    14 |    13 |     9 |    20 ||    56
       Club              |    84 |   104 |     9 |       ||   197
       Kick              |     3 |       |       |       ||     3
       Punch             |     3 |     3 |     2 |       ||     8
       Trident           |       |       |    64 |       ||    64
       Hand axe          |       |       |    32 |   151 ||   183
 Cast: Beastly Appendage |     2 |       |       |       ||     2
       Spider Form       |     2 |     4 |    11 |    11 ||    28
       Sticks to Snakes  |       |     5 |    11 |    26 ||    42
       Mephitic Cloud    |       |       |       |     3 ||     3
       Ice Form          |       |       |       |     3 ||     3
Evoke: Deck              |       |       |       |    13 ||    13
  Use: Potion            |       |     1 |       |     7 ||     8
       Scroll            |       |       |       |    12 ||    12
 Stab: Sleeping          |     3 |     3 |     7 |     5 ||    18
       Distracted        |       |       |     3 |     2 ||     5
  Eat: Chunk             |     3 |     5 |    12 |    15 ||    35
       Ration            |       |       |       |     1 ||     1
Armor: Robe              |    26 |    16 |    14 |    20 ||    76
       Skin              |       |     2 |     2 |     6 ||    10
       Troll leather arm |       |       |       |    11 ||    11
Dodge: Dodged            |   121 |   132 |   142 |   296 ||   691
Block: Buckler           |       |       |     8 |    55 ||    63

Table legend:
 A = Non-vault XP
 B = Vault XP
 C = Vault XP percentage of total XP
 D = Non-vault monster count
 E = Vault monster count
 F = Vault count percentage of total count
                 A         B        C        D         E       F
            +---------+---------+-------+---------+---------+-------
      Total |   10656 |    2592 |  19.6 |     197 |      10 |   4.8
            +---------+---------+-------+---------+---------+-------
        D:1 |      52 |       0 |   0.0 |      27 |       0 |   0.0
        D:2 |      54 |       0 |   0.0 |      13 |       0 |   0.0
        D:3 |      22 |     156 |  87.6 |      11 |       2 |  15.4
        D:4 |     438 |       0 |   0.0 |      16 |       0 |   0.0
        D:5 |    1362 |     197 |  12.6 |      15 |       1 |   6.2
        D:6 |     250 |       0 |   0.0 |      15 |       0 |   0.0
        D:7 |    1320 |     787 |  37.4 |      17 |       2 |  10.5
        D:8 |     897 |     887 |  49.7 |      26 |       4 |  13.3
        D:9 |    1135 |       0 |   0.0 |      16 |       0 |   0.0
       D:10 |    2282 |     565 |  19.8 |      30 |       1 |   3.2
     Lair:1 |    2844 |       0 |   0.0 |      11 |       0 |   0.0
            +---------+---------+-------+---------+---------+-------
